 Dungeon Crawl Stone Soup version 0.31-a0-1127-ge7b2bbabab (webtiles) character file.

Game seed: 5298211778020439242

32800 GreatBamboolord the Mimic (level 13, -10/57 HPs)
             Began as a Felid Enchanter on Dec 5, 2023.
             Was an Initiate of Gozag.
             Mangled by a skeletal warrior
             ... wielding a +4 hand axe of venom
              (15 damage)
             ... on level 11 of the Dungeon.
             The game lasted 01:01:08 (20183 turns).

GreatBamboolord the Mimic (Felid Enchanter)        Turns: 20183, Time: 01:01:08

Health: -10/57     AC:  7    Str:  4    XL:     13   Next: 33%
Magic:  23/23      EV: 24    Int: 20    God:    Gozag
Gold:   828        SH:  0    Dex: 18    Spells: 11/24 levels left
                                        Lives:  0   Deaths: 5

rFire   + .          .
                       - Unarmed
rCold   + + .        (shield unavailable)
rNeg    . . .        (body armour unavailable)
rPois   +            (helmet unavailable)
rElec   +            (cloak unavailable)
rCorr   +            (gloves unavailable)
SInv    +            (boots unavailable)
Will    +....        z - amulet of magic regeneration
Stlth   +++++        D - +4 ring of protection
HPRegen 0.29/turn    B - ring of poison resistance
MPRegen 0.58/turn

%: no passive effects
@: mighty, lethally poisoned (-10 -> -13), maw-form, resistant, quick
A: devouring maw, very small, claws 1, fangs 3, see invisible, speed 1, shaggy
fur 3, stealthy paws, no weapons or thrown items, no armour, multi-lived
a: Begin Untransformation, Renounce Religion, Potion Petition, Call Merchant,
Bribe Branch


You were on level 11 of the Dungeon.
You worshipped Gozag.
Gozag was pleased with you.
You were a creature with a mouth for a stomach.
You visited 3 branches of the dungeon, and saw 17 of its levels.
You also visited: Ossuary, Bailey and Gauntlet.

You collected 3618 gold pieces.
You spent 1002 gold pieces at shops.
You paid 1788 gold pieces to Gozag.

Inventory:

Jewellery
 j - a +6 ring of dexterity
 x - a ring of flight
 z - an amulet of magic regeneration (around neck)
 B - a ring of poison resistance (right paw)
 D - a +4 ring of protection (left paw)
Talismans
 t - a granite talisman
 H - a maw talisman (active)
Wands
 k - a wand of polymorph (4)
 m - a wand of flame (23)
 E - a wand of paralysis (7)
 F - a wand of digging (6)
 K - a wand of mindburst (5)
Scrolls
 c - 5 scrolls of fog
 d - 2 scrolls of immolation
 e - 3 scrolls of amnesia
 f - 6 scrolls of teleportation
 h - a scroll of fear
 l - a scroll of poison
 p - a scroll of noise
 r - a scroll of vulnerability
 u - a scroll of butterflies
 y - 2 scrolls of silence
Potions
 a - 3 potions of invisibility
 b - a potion of heal wounds
 g - 2 potions of haste
 i - 6 potions of brilliance
 n - 2 potions of cancellation {unknown}
 o - 2 potions of ambrosia
 q - 5 potions of enlightenment
 s - 3 potions of might
 v - 5 potions of mutation
 w - 3 potions of attraction
 A - 3 potions of magic
 C - 3 potions of resistance
 G - 2 potions of lignification {unknown}
 I - a potion of curing {unknown}
 L - a potion of berserk rage {unknown}
Miscellaneous
 J - a condenser vane


   Skills:
 + Level 7.5 Fighting
 - Level 10.0 Dodging
 + Level 13.1 Stealth
 + Level 7.3 Unarmed Combat
 - Level 6.0 Spellcasting
 - Level 10.0 Hexes
 * Level 6.5 Summonings
 - Level 3.5 Ice Magic
 * Level 13.1 Shapeshifting


You had 11 spell levels left.
You knew the following spells:

 Your Spells              Type           Power      Damage    Failure   Level
a - Confusing Touch       Hex            46%        N/A       1%          3
b - Tukima's Dance        Hex            46%        N/A       1%          3
c - Ensorcelled Hibernat  Hex/Ice        66%        N/A       1%          2
d - Dazzling Flash        Conj/Hex       52%        N/A       4%          3
e - Call Imp              Summ           64%        N/A       1%          2

Your spell library contained the following spells:

 Spells                   Type           Power      Damage    Failure   Level
 Magic Dart               Conj           24%        1d4       11%         1
 Mephitic Cloud           Conj/Pois/Air  6%         N/A       30%         3


Dungeon Overview and Level Annotations

Branches:
Dungeon (12/15)            Temple (1/1) D:4            Lair (4/5) D:9
  Swamp (0/4) Lair:2        Snake (0/4) Lair:2        Slime (0/5) Lair:4
    Orc (0/2) D:9         Ossuary (visited)          Bailey (visited)
Gauntlet (visited)

Altars:
Ashenzari
Cheibriados
Dithmenos
Elyvilon
Fedhas
Gozag
Hepliaklqana
Kikubaaqudgha
Makhleb
Nemelex Xobeh
Okawaru
Qazlal
Ru
Sif Muna
Trog
Uskayaw
Vehumet
Wu Jian
Xom
Yredelemnul
Zin
The Shining One
Jiyva

Shops:
D:3 (   D:6 *   Lair:3 *

Annotations:
D:7 2 transporters, Bizboz's ghost, novice DjAE
D:9 exclusion: 4 doors
D:11 3 runed translucent doors, Qudeg's ghost, journeyman SpHu
Lair:2 1 exclusion
Lair:4 Nessos


Innate Abilities, Weirdness & Mutations

You are a creature with a mouth for a stomach.
Your midsection houses a second, enormous mouth.
You have sharp claws.
You have razor-sharp teeth.
You have supernaturally acute eyesight. (SInv)
You cover ground quickly. (Speed+)
Your thick and shaggy fur keeps you warm. (AC +3, rC+)
Your paws help you pounce on unaware monsters.
You are incapable of wielding weapons or throwing items.
You cannot wear armour.
You gain extra lives every three experience levels.


Message History

You kill the orc!
You now have 1118 gold pieces (gained 8).
You see here a +0 club.
You now have 1122 gold pieces (gained 4).
Things that are here:
a +0 mace; a +0 plate armour
There is a stone staircase leading down here.
You climb downwards.
The skeletal warrior completely misses you.
A skeletal warrior comes into view. It is wielding a +0 halberd.
The skeletal warrior misses you.
The skeletal warrior hits you with a +0 short sword.
The skeletal warrior hits you with a +4 hand axe of venom!!
There is a stone staircase leading up, spattered with blood here.
The skeletal warrior hits you but does no damage.
You are poisoned.
The skeletal warrior barely misses you.
The orc priest invokes the aid of Beogh against you.
Beogh smites you!
* * * LOW HITPOINT WARNING * * *
The orc wizard points at you and mumbles some strange words.
The magic dart hits you.
* * * LOW HITPOINT WARNING * * *
You climb upwards.
Level annotation: 3 runed translucent doors, Qudeg's ghost, journeyman SpHu
* * * LOW HITPOINT WARNING * * *
You feel very sick.
There is a stone staircase leading down here.
Okay, then.
Okay, then. [a] - 483 gold - might, brilliance, heal wounds and magic [b] - 644 gold - haste, heal wounds, might and brilliance [c] - 294 gold - resistance and might Purchase which effect?
You no longer have enough gold to fund merchants seeking to open stores in the dungeon.
You feel protected.
You feel very mighty all of a sudden.
You feel sick.
The skeletal warrior hits you with a +4 hand axe of venom!
You die...
Your body crumbles into a pile of gold.

..# #..##......#.###.o...###.###.
..# #..##......#.#8#o.8..#8#.#...
.## #..##......#.............#...
#####..##..#####8...)[_[=...8#...
#......##.(###################...
.####..##..#####.##<..#####......
.# #......#####.##...#####......
.# #......#####zz....#####.[....
.# #......#####W[....#####......
.# #......#####.o##..#####......
.# #......#####..##..#####......
.# #......#####..##..#####......
.# #<...).#####..##.............
.# #......# ###..##...##'##.####
.# #......# #..##..##8.8### # .#
#......# #..##.##.....## #
.####......# #..####8..[..8## #


You could see 2 skeletal warriors and an orc wizard.

Vanquished Creatures
  A hydra (Lair:2)
  A boulder beetle (D:11)
  2 two-headed ogres (D:11)
  Erica (D:8)
  Urug (Lair:4)
  2 manticores (D:11)
  A faun (Lair:1)
  2 cyclopes (D:9)
  Maurice (D:8)
  2 black mambas
  11 elephants
  6 cane toads
  2 gargoyles
  4 rime drakes
  5 komodo dragons
  An unseen horror (D:12)
  Psyche (D:8)
  A polar bear (Lair:3)
  2 trolls
  A hornet (D:7)
  3 blink frogs (Lair:2)
  A shadow (D:9)
  32 yaks
  2 wyverns
  A basilisk (Lair:3)
  A steam dragon (D:8)
  A death yak simulacrum (Lair:2)
  Menkaure (Ossuary)
  10 water moccasins
  10 orc warriors
  2 black bears
  3 ice beasts
  A sky beast (D:8)
  14 wolves
  An ogre (D:5)
  2 centaurs
  2 kobold brigands (D:11)
  10 bullfrogs
  3 scorpions
  3 necrophages (Lair:3)
  A gnoll sergeant (D:10)
  7 wights
  4 killer bees (D:5)
  2 howler monkeys
  3 centaur zombies (Ossuary)
  3 orc priests
  3 hounds
  A jelly (D:8)
  A human zombie (Ossuary)
  5 iguanas
  A sleepcap (D:7)
  Natasha (thrice) (D:4)
  11 orc wizards
  A wolf simulacrum (Lair:2)
  2 ogre zombies (Ossuary)
  6 mummies (Ossuary)
  6 adders
  21 gnolls
  4 shadow imps
  2 white imps (D:7)
  2 ufetubi (D:7)
  4 adder zombies (Ossuary)
  2 dart slugs
  39 orcs
  2 endoplasms (D:3)
  A giant cockroach (D:1)
  5 goblins
  5 hobgoblins
  2 jackals (D:3)
  3 kobolds
  5 quokkas
  3 ball pythons
  5 bats
  3 frilled lizards
  2 goblin zombies (Ossuary)
  2 hobgoblin zombies (Ossuary)
  5 kobold zombies (Ossuary)
  An orc zombie (Ossuary)
  6 quokka zombies (Ossuary)
  8 rats
  4 rat zombies (Ossuary)
347 creatures vanquished.

Vanquished Creatures (collateral kills)
  Edmund (D:4)
  2 gnoll sergeants (D:7)
  A necrophage (Lair:3)
  4 wights
  9 gnolls
  3 orcs (Bailey)
  4 goblins (D:7)
24 creatures vanquished.

Vanquished Creatures (others)
  3 dancing weapons
  A butterfly (D:3)
4 creatures vanquished.

Grand Total: 375 creatures vanquished

Notes
Turn   | Place    | Note
-------+----------+-------------------------------------------
     0 | D:1      | GreatBamboolord the Felid Enchanter began the quest for the
                  | Orb.
     0 | D:1      | Reached XP level 1. HP: 7/7 MP: 4/4
    57 | D:1      | Found a faded altar of an unknown god.
   465 | D:1      | Reached XP level 2. HP: 10/11 MP: 6/6
  1073 | D:2      | Reached XP level 3. HP: 15/15 MP: 7/7
  1077 | D:2      | Learned a level 3 spell: Confusing Touch
  1081 | D:2      | Learned a level 3 spell: Tukima's Dance
  1488 | D:1      | Slain by a gnoll
  1704 | D:2      | Reached skill level 1 in Fighting
  1704 | D:2      | Reached skill level 5 in Hexes
  2028 | D:3      | Reached XP level 4. HP: 19/19 MP: 4/8
  2163 | D:3      | Found Kode's Weapon Boutique.
  2252 | D:3      | Found a shadowy altar of Dithmenos.
  2353 | D:3      | Found a white marble altar of Elyvilon.
  2786 | D:3      | Learned a level 2 spell: Ensorcelled Hibernation
  3309 | D:3      | Became a worshipper of Elyvilon the Healer
  3368 | D:4      | Reached skill level 5 in Stealth
  3403 | D:4      | Killed from afar by an orc wizard
  3440 | D:4      | Reached XP level 5. HP: 19/22 MP: 5/10
  3771 | D:4      | Found a staircase to the Ecumenical Temple.
  3866 | D:4      | Reached skill level 1 in Ice Magic
  3883 | Temple   | Found a transporter.
  3883 | Temple   | Found a transporter.
  3883 | Temple   | Found a transporter.
  3883 | Temple   | Found a transporter.
  3883 | Temple   | Entered the Ecumenical Temple
  3927 | Temple   | Fell from the grace of Elyvilon
  3927 | Temple   | Became a worshipper of Gozag Ym Sagoz the Greedy
  4042 | D:4      | Found a radiant altar of Vehumet.
  4254 | D:4      | Noticed Edmund
  4265 | D:4      | Killed Edmund
  4266 | D:4      | Gained mutation: You are covered in thick fur. (AC +2)
                  | [Felid growth]
  4266 | D:4      | Reached XP level 6. HP: 24/26 MP: 1/11
  4377 | D:4      | Noticed Natasha
  4397 | D:4      | Killed Natasha
  4645 | D:4      | Noticed Natasha
  4655 | D:4      | Killed Natasha
  4659 | D:4      | Reached XP level 7. HP: 20/30 MP: 8/13
  4713 | D:4      | Noticed Natasha
  4719 | D:4      | Killed Natasha
  4953 | D:5      | Entered Level 5 of the Dungeon
  4970 | D:5      | Reached skill level 5 in Dodging
  5346 | D:5      | Found a sand-covered staircase.
  5351 | Ossuary  | Entered an ossuary
  5890 | Ossuary  | Noticed Menkaure
  6074 | Ossuary  | Slain by Menkaure
  6279 | Ossuary  | Reached XP level 8. HP: 31/34 MP: 12/15
  6346 | Ossuary  | Killed Menkaure
  7245 | D:5      | Identified the +6 ring mail "Talimaq" {Regen+ Str+3 Int-5
                  | Slay+2}
  7475 | D:6      | Reached skill level 5 in Spellcasting
  7475 | D:6      | Reached XP level 9. HP: 20/38 MP: 7/17
  8044 | D:6      | Found Hoelinor's Neck Hole.
  8061 | D:6      | Bought an amulet of magic regeneration for 390 gold pieces
  8471 | D:7      | Found a flagged portal.
  8494 | Bailey   | Entered a bailey
  8715 | Bailey   | Noticed an orc knight
  8839 | Bailey   | Reached skill level 10 in Shapeshifting
  8839 | Bailey   | Reached XP level 10. HP: 42/42 MP: 19/19
  8944 | D:7      | Found a transporter.
  8944 | D:7      | Found a transporter.
  9145 | D:7      | Found a bloodstained altar of Trog.
  9155 | D:7      | Noticed a two-headed ogre
  9231 | D:7      | Noticed Bizboz's ghost (novice DjAE)
  9714 | D:7      | Learned a level 3 spell: Dazzling Flash
  9743 | D:8      | Noticed Erica
  9758 | D:8      | Killed Erica
  9935 | D:8      | Noticed Psyche
  9940 | D:8      | Killed Psyche
 10144 | D:8      | Noticed Maurice
 10151 | D:8      | Killed Maurice
 10152 | D:8      | Reached XP level 11. HP: 46/46 MP: 16/20
 10389 | D:8      | Reached skill level 10 in Hexes
 10765 | D:8      | Reached skill level 10 in Stealth
 11242 | D:9      | Found a staircase to the Lair.
 11543 | D:9      | Noticed a two-headed ogre
 12020 | D:9      | Reached skill level 5 in Fighting
 12059 | D:9      | Found a staircase to the Orcish Mines.
 12235 | D:9      | Reached skill level 5 in Unarmed Combat
 12547 | D:10     | Entered Level 10 of the Dungeon
 13313 | D:11     | Noticed Qudeg's ghost (journeyman SpHu)
 13329 | D:11     | Found a gate leading to a gauntlet.
 13338 | Gauntlet | Entered a Gauntlet
 13338 | Gauntlet | Found a transporter.
 13341 | Gauntlet | Found a transporter.
 13343 | Gauntlet | Noticed a cyan ugly thing
 13343 | Gauntlet | Noticed a white ugly thing
 13344 | Gauntlet | Noticed a great orb of eyes
 13346 | Gauntlet | Found a transporter.
 13347 | Gauntlet | Found a transporter.
 13348 | Gauntlet | Noticed a death scarab
 13349 | Gauntlet | Found a transporter.
 13349 | Gauntlet | Found a transporter.
 13350 | Gauntlet | Noticed a quicksilver ooze
 13357 | Gauntlet | Found a transporter.
 13357 | Gauntlet | Noticed a death yak
 13357 | Gauntlet | Noticed a death yak
 13357 | Gauntlet | Noticed a death yak
 13358 | Gauntlet | Noticed a death yak
 13359 | Gauntlet | Noticed a death yak
 13361 | Gauntlet | Noticed a death yak
 13365 | Gauntlet | Found a transporter.
 13383 | Gauntlet | Noticed a necromancer
 13410 | Gauntlet | Noticed a death scarab
 13424 | Gauntlet | Found a transporter.
 13429 | Gauntlet | Found a transporter.
 13429 | Gauntlet | Found a transporter.
 13432 | Gauntlet | Noticed a wolf spider
 13435 | Gauntlet | Noticed a death drake
 13439 | Gauntlet | Found a transporter.
 13449 | Gauntlet | Noticed an entropy weaver
 14343 | D:11     | Noticed a two-headed ogre
 14356 | D:11     | HP: 2/48 [manticore/volley of spikes (15)]
 14359 | D:11     | Killed from afar by a manticore
 14360 | D:11     | Noticed a two-headed ogre
 14360 | D:11     | Noticed a boulder beetle
 14471 | Lair:1   | Entered Level 1 of the Lair of Beasts
 14509 | Lair:1   | Reached skill level 10 in Dodging
 14555 | Lair:1   | Noticed a death yak
 14555 | Lair:1   | Noticed a death yak
 14555 | Lair:1   | Noticed a death yak
 14663 | Lair:1   | Learned a level 2 spell: Call Imp
 14696 | Lair:1   | Reached skill level 1 in Summonings
 14696 | Lair:1   | Gained mutation: Your thick and shaggy fur keeps you warm.
                  | (AC +3, rC+) [Felid growth]
 14696 | Lair:1   | Reached XP level 12. HP: 13/52 MP: 19/22
 15282 | Lair:1   | Noticed a death yak
 15282 | Lair:1   | Noticed a death yak
 15399 | Lair:1   | Noticed a death yak
 16462 | Lair:2   | Found a staircase to the Swamp.
 16696 | Lair:2   | Noticed a six-headed hydra
 16705 | Lair:2   | Killed a six-headed hydra
 16915 | Lair:2   | Found a staircase to the Snake Pit.
 17052 | Lair:3   | Found an opulent altar of Gozag.
 17310 | Lair:3   | Reached skill level 5 in Summonings
 17908 | Lair:3   | Reached XP level 13. HP: 43/57 MP: 23/23
 18683 | Lair:4   | Found a viscous altar of Jiyva.
 18683 | Lair:4   | Found a staircase to the Slime Pits.
 18752 | Lair:4   | Noticed Urug
 18769 | Lair:4   | Killed Urug
 19010 | Lair:4   | Noticed Nessos
 19015 | Lair:4   | Succumbed to Nessos's poison
 19075 | Lair:3   | Bought a scroll of silence for 285 gold pieces
 19075 | Lair:3   | Bought a wooden wand for 120 gold pieces
 19075 | Lair:3   | Bought a fizzy black potion for 27 gold pieces
 19075 | Lair:3   | Bought a potion of brilliance for 120 gold pieces
 19075 | Lair:3   | Bought a scroll of identify for 60 gold pieces
 19643 | D:11     | Found a bloodstained altar of Trog.
 19756 | D:11     | Found a runed translucent gate.
 19757 | D:11     | Found a runed translucent gate.
 19758 | D:11     | Found a runed translucent gate.
 20183 | D:11     | Mangled by a skeletal warrior

Illustrated notes

Levels and vault maps discovered:
D:1:      zelgadis_glass_arrival_small, layout_basic,
          shapermc_ecumenical_altar_venn
D:2:      layout_basic
D:3:      layout_basic, grunt_dithmenos_smoke_and_mirrors,
          nicolae_elyvilon_peaceful_grove, serial_shops,
          nicolae_shop_bloodbath_and_beyond
D:4:      layout_gridville, fiery_altar_vehumet, minmay_temple_entry_glass,
          serial_forest, infiniplex_forest_corner_1, infiniplex_forest_corner_1,
          infiniplex_forest_3_way, infiniplex_forest_lined_corner,
          infiniplex_forest_clump_double, infiniplex_forest_lined_2,
          uniq_edmund, uniq_natasha
D:5:      layout_gridville, enter_ossuary_2, kennysheep_generic_room_8
D:6:      layout_cave_pools, nicolae_shop_sticking_my_neck_out
D:7:      layout_cave_pods, gammafunk_ghost_wrathful_warriors, enter_bailey_5
D:8:      layout_basic, uniq_psyche, uniq_maurice, uniq_erica
D:9:      layout_basic, hellmonk_lair_entry_icy, david_orc_4,
          hellmonk_guarded_unrand_dark_maul
D:10:     layout_irregular_city
D:11:     layout_long_grid, gauntlet_entry_generic, biasface_ghost_orc_armoury,
          dk_noncrumbling_4, trog_antimagical
D:12:     layout_rooms
Temple:   hellmonk_temple_divided_pantheon
Lair:1:   layout_loops_ring, grunt_forest_large_clearings
Lair:2:   layout_chaotic_city, swamp_mist, nicolae_snake_entry_warm_welcome,
          portal_ice_cave_entry_ice_simulacra
Lair:3:   layout_chaotic_city, basic_altar, roderic_carrion_pond,
          lemuel_fruit_tree, grunt_megastairs_1
Lair:4:   layout_gridlike, dpeg_slime_entry_enclosed, lemuel_another_geyser,
          uniq_nessos, uniq_urug

Skill      XL: |  1  2  3  4  5  6  7  8  9 10 11 12 13 |
---------------+----------------------------------------+-----
Dodging        | 3 4 5 6 7 8 10 | 10.0
Fighting       | 1 2 3 4 5 7 |  7.5
Hexes          | 5 6 7 8 9 10 | 10.0
Stealth        | 5 6 7 8 9 11 12 13 | 13.1
Ice Magic      | 1 2 3 |  3.5
Spellcasting   | 3 4 5 6 |  6.0
Unarmed Combat | 2 3 4 5 6 7 |  7.3
Shapeshifting  | 10 11 12 13 | 13.1
Summonings     | 1 5 6 |  6.5

Action                     |  1- 3 |  4- 6 |  7- 9 | 10-12 | 13-15 || total
---------------------------+-------+-------+-------+-------+-------++-------
  Melee: Unarmed           |    90 |   158 |   246 |   355 |    64 ||   913
         Bite              |     9 |    21 |    36 |    37 |     9 ||   112
         Punch             |       |     6 |     9 |    16 |     4 ||    35
         Constrict         |       |       |       |     9 |       ||     9
         Maw               |       |       |       |    13 |     3 ||    16
   Cast: Tukima's Dance    |     3 |     2 |    21 |    13 |     1 ||    40
         Confusing Touch   |     2 |    17 |    22 |    22 |     4 ||    67
         Ensorcelled Hiber |       |    24 |    51 |   170 |    51 ||   296
         Dazzling Flash    |       |       |       |     1 |       ||     1
         Call Imp          |       |       |       |     6 |     1 ||     7
 Invoke: Potion Petition   |       |       |       |     1 |     2 ||     3
         Call Merchant     |       |       |       |       |     1 ||     1
  Evoke: Wand              |       |       |     6 |    11 |       ||    17
         Condenser vane    |       |       |       |     2 |       ||     2
    Use: Scroll            |     3 |     2 |    14 |     6 |     4 ||    29
         Potion            |       |       |     1 |     5 |     2 ||     8
   Stab: Sleeping          |    10 |    16 |    70 |   120 |    21 ||   237
         Confused          |     1 |    13 |    20 |    22 |     2 ||    58
         Distracted        |       |     1 |     3 |     4 |     1 ||     9
 Armour: Skin              |    30 |    53 |    62 |   137 |    42 ||   324
  Dodge: Dodged            |    79 |   121 |   212 |   409 |    75 ||   896
         Form:             |       |       |       |     5 |       ||     5
         Statue            |       |       |       |     4 |     1 ||     5
         Anaconda          |       |       |       |     2 |       ||     2
         Maw               |       |       |       |     2 |     1 ||     3

Table legend: (Time is in decaauts)
 A = Elapsed time spent in this place.
 B = Non-inter-level travel time spent in this place.
 C = Inter-level travel time spent in this place.
 D = Time resting spent in this place.
 E = Time spent auto-exploring this place.
 F = Levels seen in this place.
 G = Mean time per level.
                   A        B        C        D        E       F      G
               +--------+--------+--------+--------+--------+-----+--------+
         Total |  17740 |  16901 |    839 |   3497 |   8707 |  20 |  887.0 |
       Dungeon |  11781 |  11143 |    638 |   2067 |   6625 |  12 |  981.8 |
        Temple |     52 |     36 |     16 |      0 |      0 |   1 |   52.0 |
          Lair |   4105 |   3922 |    183 |    998 |   1632 |   4 | 1026.2 |
       Ossuary |   1111 |   1111 |      0 |    346 |    324 |   1 | 1111.0 |
        Bailey |    377 |    377 |      0 |     85 |      0 |   1 |  377.0 |
      Gauntlet |    312 |    312 |      0 |      0 |    126 |   1 |  312.0 |
               +--------+--------+--------+--------+--------+-----+--------+

Top non-repeatable levels by time:
     D:3: 1488 daAuts
    D:11: 1418 daAuts
  Lair:2: 1353 daAuts
  Lair:3: 1305 daAuts
     D:9: 1273 daAuts
  Lair:1: 1236 daAuts
     D:4: 1196 daAuts
     D:8: 1181 daAuts
     D:5: 1121 daAuts
 Ossuary: 1111 daAuts
     D:7: 1065 daAuts
     D:1: 990 daAuts
     D:6: 782 daAuts
    D:10: 704 daAuts
     D:2: 552 daAuts
